 Dungeon Crawl Stone Soup version 0.14.2 (webtiles) character file.

8562 Amnesiac the Prestidigitator (level 11, -12/49 HPs)
             Began as a Spriggan Artificer on Feb 4, 2018.
             Was a High Priest of Nemelex Xobeh.
             Shot with an arrow by a centaur warrior (22 damage)
             ... while paralysed
             ... on Level 15 of the Dungeon.
             The game lasted 00:52:39 (16838 turns).

Amnesiac the Prestidigitator (Spriggan Artificer)  Turns: 16838, Time: 00:52:40

HP -12/49        AC  7     Str  9      XL: 11   Next:  6%
MP  30/30        EV  4     Int 15      God: Nemelex Xobeh [*****.]
Gold 387         SH  0     Dex 19      Spells:  6 memorised,  4 levels left

rFire  . . .     SeeInvis +     b - +4 blowgun
rCold  . . .     Clarity  .     e - +1 robe
rNeg   . . .     Conserve .     (shield restricted)
rPois  +         rCorr    .     (helmet restricted)
rElec  .         rRot     .     u - +3 cloak of Flash {+Fly EV+4}
SustAb . .       Spirit   .     (gloves unavailable)
rMut   .         Warding  .     (boots unavailable)
Saprov . . .     Stasis   .     r - amulet of faith
MR     ++...                    G - ring "Utiumuoc" {+Fly rPois MR+ Str+2}
                                (no ring)

@: paralysed, very quick, very resistant to hostile enchantments, stealthy
A: unfitting armour, see invisible, herbivore 3, speed 3, slow metabolism 2
a: Draw One, Peek at Two, Triple Draw, Deal Four, Stack Five, Renounce Religion,
Evoke Flight


You were on level 15 of the Dungeon.
You worshipped Nemelex Xobeh.
Nemelex Xobeh was extremely pleased with you.
You were starving.

You visited 2 branches of the dungeon, and saw 16 of its levels.

You collected 387 gold pieces.

Inventory:

Hand weapons
 a - a +2,+2 whip of draining
 b - a +4 blowgun (weapon)
Missiles
 A - 23 poisoned needles (quivered)
Armour
 e - a +1 robe (worn)
 u - the +3 cloak of Flash (worn) {+Fly EV+4}
   (You found it on level 4 of the Dungeon)

   It affects your evasion (+4).
   It lets you fly.
Magical devices
 c - a wand of enslavement (5)
 g - a wand of fireball (5)
 p - a wand of lightning (3)
 y - a wand of digging (2)
 H - a wand of flame (12)
 J - a wand of teleportation (2)
Scrolls
 h - a scroll of remove curse {!r}
 i - 2 scrolls of teleportation {!r}
 j - 4 scrolls of identify {!r}
 l - a scroll of random uselessness {!r, unknown}
 F - a scroll of recharging {!r}
 I - 2 scrolls of amnesia {!r}
Jewellery
 r - an amulet of faith (around neck)
 x - an uncursed ring of ice
 C - an uncursed ring of teleportation
 G - the ring "Utiumuoc" (right hand) {+Fly rPois MR+ Str+2}
   (You found it on level 9 of the Dungeon)

   [ring of strength]

   It affects your strength (+2).
   It protects you from poison.
   It affects your resistance to hostile enchantments.
   It lets you fly.
Potions
 f - a potion of haste {!q}
 n - 2 potions of might {!q}
 o - a potion of brilliance {!q}
 q - 2 potions of curing {!q}
 t - 2 potions of heal wounds {!q}
 w - 2 potions of flight {!q}
Miscellaneous
 d - a legendary deck of destruction
 k - a plain deck of summonings {drawn: 4}
 m - a disc of storms
 s - a legendary deck of destruction {drawn: 3}
 z - an ornate deck of destruction
 B - a legendary deck of summonings {drawn: 1}


   Skills:
 - Level 1.0 Fighting
   Level 1.1 Short Blades
 - Level 8.0 Dodging
 - Level 2.0 Stealth
 - Level 8.0 Spellcasting
 - Level 5.0 Conjurations
 - Level 9.1 Hexes
 - Level 5.0 Fire Magic
 + Level 12.8 Evocations


You had 4 spell levels left.
You knew the following spells:

 Your Spells              Type           Power        Failure   Level  Hunger
a - Confuse               Hex            ####....     1%          3    ##.....
b - Enslavement           Hex            ####....     2%          4    ####...
c - Invisibility          Hex            ####....     45%         6    #######
d - Ensorcelled Hibernat  Hex/Ice        ###...       2%          2    None
e - Sticky Flame          Conj/Fire      ###.....     17%         4    ####...
s - Conjure Flame         Conj/Fire      ###.....     4%          3    ##.....


Dungeon Overview and Level Annotations

Branches:
Dungeon (15/15)            Temple (1/1) D:5
    Orc: D:9-12        Lair: D:8-11      Vaults: D:13-14     Depths: D:15

Altars:
Ashenzari
Cheibriados
Dithmenos
Elyvilon
Fedhas
Kikubaaqudgha
Makhleb
Nemelex Xobeh
Okawaru
Sif Muna
Trog
Vehumet
Xom
Yredelemnul
Zin
The Shining One

Annotations:
D:9 exclusion: crimson imp, Dowan, Duvessa, Psyche
D:10 Harold
D:11 casual's ghost, powerful DsTm; glosham's ghost, powerful FoWr
D:12 exclusion: door


Innate Abilities, Weirdness & Mutations

You are tiny and cannot use many weapons and most armour.
You have supernaturally acute eyesight.
You are a herbivore.
You cover ground extremely quickly.
You need consume almost no food.


Message History

Press: ? - help, Shift-Dir - straight line, f/p - unseen horror
Aim: an unseen horror (severely wounded, poisoned, slightly transparent)
You shoot a poisoned needle.
The poisoned needle hits the unseen horror.
The unseen horror is severely wounded.
The unseen horror completely misses you.
The unseen horror hits you.
The unseen horror completely misses you.
Firing (i - inventory):
A - 17 poisoned needles (quivered)
Press: ? - help, Shift-Dir - straight line, f/p - unseen horror
Aim: an unseen horror (severely wounded, poisoned, slightly transparent)
You shoot a poisoned needle.
The poisoned needle hits the unseen horror.
The unseen horror is severely wounded.
The unseen horror completely misses you.
You kill the unseen horror!
A - 17 poisoned needles (gained 1)
A - 19 poisoned needles (gained 2)
A - 20 poisoned needles (gained 1)
A - 21 poisoned needles (gained 1)
A - 22 poisoned needles (gained 1)
A - 23 poisoned needles (gained 1)
You need to eat something NOW!
Unknown command.
Found 16 sling bullets.
Found an escape hatch in the ceiling.
There is a stone staircase leading down here.
You climb downwards.
Found 10 gold pieces.
There is a stone staircase leading up here.
You lose consciousness!
You can move again.
You now have 380 gold pieces (gained 10).
There are no items here.
You open the door.
You lose consciousness!
You can move again.
There is an open door here.
Found 7 gold pieces.
Found a disc of storms.
You now have 387 gold pieces (gained 7).
You see here a disc of storms.
m - a disc of storms
Found a leather armour.
You see here a leather armour.
A centaur warrior comes into view.
The centaur warrior shouts!
The centaur warrior wields a longbow.
The centaur warrior shoots an arrow.
The arrow misses you.
The centaur warrior shoots an arrow.
The arrow misses you.
You hear a splash.
The centaur warrior shoots an arrow.
The arrow hits you!
You see here an arrow.
You lose consciousness!
The centaur warrior shouts!
The centaur warrior shoots an arrow.
The arrow hits you!
The centaur warrior shoots an arrow.
Helpless, you fail to dodge the arrow.
The centaur warrior shoots an arrow.
The arrow hits you!
* * * LOW HITPOINT WARNING * * *
The centaur warrior shoots an arrow.
The arrow hits you!
* * * LOW HITPOINT WARNING * * *
The centaur warrior shoots an arrow.
The arrow hits you!
You die...
Your body glows with a rainbow of weird colours and disappears.

###########
#.........#
#.........# .#
#.........#### .#
#............# .#
#........###.##### .#
#..........#.....# .#
. +@.....c...#.###.#
.#
#.##..............#..
.#
#.##.........###..#.#
.##
#.##...........#.....
<.## #.
#.##...........#[###.
...###..#
#.#######+###......#.
........# #.# #.
#.###..#.
........#####.#
#.###...#....
........+.....#
#....#..#.###


You could see a centaur warrior.

Vanquished Creatures
  A centaur warrior (D:14)
  Urug (D:10)
  A hill giant (D:10)
  Pikel (D:9)
  2 unseen horrors
  The ghost of Amnesiac the Prestidigitator, an experienced SpAr (D:5)
  A troll (D:14)
  A deep elf mage (D:11)
  A shadow (D:14)
  A hill giant zombie (D:8)
  10 yaks
  2 hippogriffs
  Grum (D:9)
  A necrophage (D:6)
  Edmund (D:7)
  A yellow wasp (D:8)
  2 ogres
  2 orc warriors (D:6)
  A phantom (D:8)
  An ice beast (D:8)
  2 slaves (D:9)
  3 centaurs
  2 sky beasts
  5 giant frogs
  A water moccasin (D:8)
  Eustachio (D:10)
  Blork the orc (D:7)
  3 wolves
  A steam dragon (D:8)
  A crocodile (D:8)
  A quasit (D:8)
  4 killer bees (D:8)
  An orc priest (D:6)
  A big kobold (D:8)
  A jelly (D:5)
  5 orc wizards
  6 hounds
  2 scorpions
  5 worker ants
  An iguana (D:8)
  An ogre skeleton (D:8)
  A hound zombie (D:6)
  A worker ant zombie (D:7)
  11 gnolls
  12 adders
  3 green rats (D:10)
  A goliath beetle zombie (D:8)
  2 giant eyeballs
  3 giant geckos
  2 oozes
  28 orcs
  4 ball pythons
  20 goblins
  12 hobgoblins
  20 jackals
  3 quokkas
  13 bats
  7 giant cockroaches
  9 giant newts
  2 giant spores (D:8)
  18 kobolds
  16 rats
  A rat zombie (D:6)
  A ballistomycete (D:8)
271 creatures vanquished.

Vanquished Creatures (collateral kills)
  A wyvern (D:14)
  2 yaks (D:6)
  An orc warrior (D:8)
  A worker ant (D:5)
  A hound zombie (D:5)
  3 gnolls (D:10)
  2 orcs (D:8)
  A jackal (D:5)
  A kobold (D:5)
  2 butterflies (D:11)
15 creatures vanquished.

Vanquished Creatures (others)
  A dancing weapon (D:8)
  A water moccasin (D:10)
  A centaur skeleton (D:8)
  A hound (D:9)
  An orc wizard (D:8)
  A big kobold skeleton (D:8)
  A kobold (D:10)
7 creatures vanquished.

Grand Total: 293 creatures vanquished

Notes
Turn   | Place    | Note
--------------------------------------------------------------
     0 | D:1      | Amnesiac, the Spriggan Artificer, began the quest for the Orb.
     0 | D:1      | Reached XP level 1. HP: 9/9 MP: 2/2
    57 | D:1      | Reached skill level 1 in Fighting
   413 | D:1      | Reached XP level 2. HP: 4/14 MP: 5/5
   997 | D:1      | Reached skill level 5 in Evocations
  1420 | D:2      | Reached XP level 3. HP: 16/18 MP: 8/8
  1485 | D:2      | Found a bloodstained altar of Trog.
  2393 | D:3      | Reached XP level 4. HP: 22/22 MP: 11/11
  2460 | D:3      | Reached skill level 6 in Evocations
  2868 | D:3      | Reached skill level 5 in Dodging
  3148 | D:4      | Found a deep blue altar of Sif Muna.
  3165 | D:4      | Reached XP level 5. HP: 10/25 MP: 15/15
  3397 | D:4      | Found a bloodstained altar of Trog.
  3507 | D:4      | Noticed an ogre
  3532 | D:4      | Killed an ogre
  3532 | D:4      | Reached skill level 7 in Dodging
  3532 | D:4      | Reached XP level 6. HP: 27/30 MP: 18/18
  3596 | D:4      | Reached skill level 8 in Dodging
  4054 | D:5      | Entered Level 5 of the Dungeon
  4060 | D:5      | Learned a level 4 spell: Sticky Flame
  4067 | D:5      | Noticed Amnesiac's ghost (experienced SpAr)
  4097 | D:5      | Killed Amnesiac's ghost
  4097 | D:5      | Reached XP level 7. HP: 19/33 MP: 19/21
  4147 | D:4      | Reached skill level 1 in Spellcasting
  4365 | D:5      | Found a staircase to the Ecumenical Temple.
  4403 | Temple   | Entered the Ecumenical Temple
  4920 | D:6      | Noticed a yak
  4920 | D:6      | Noticed a yak
  4920 | D:6      | Noticed a yak
  4920 | D:6      | Noticed a yak
  4920 | D:6      | Noticed a yak
  4933 | D:6      | a yak (ally) was killed
  4944 | D:6      | Noticed a yak
  4947 | D:6      | Killed a yak
  4947 | D:6      | Reached skill level 1 in Conjurations
  4947 | D:6      | Reached skill level 1 in Fire Magic
  4954 | D:6      | Killed a yak
  4961 | D:6      | Killed a yak
  5085 | D:6      | Killed a yak
  5085 | D:6      | Reached XP level 8. HP: 14/37 MP: 23/23
  6442 | D:6      | Killed a yak
  6547 | D:7      | Noticed Blork the orc
  6882 | D:7      | Found an iron altar of Okawaru.
  7042 | D:5      | Found a glowing golden altar of the Shining One.
  7782 | D:7      | Killed Blork the orc
  7792 | D:7      | Learned a level 3 spell: Confuse
  7933 | D:7      | Noticed Edmund
  7949 | D:7      | Killed Edmund
  7949 | D:7      | Reached XP level 9. HP: 26/41 MP: 17/25
  8215 | D:7      | Found a radiant altar of Vehumet.
  8650 | D:8      | Reached skill level 5 in Conjurations
  8654 | D:8      | Reached skill level 5 in Fire Magic
  8665 | D:8      | Reached skill level 5 in Spellcasting
 10443 | D:9      | Paralysed by a potion of paralysis for 6 turns
 10455 | D:9      | Noticed Psyche
 10692 | D:8      | Reached skill level 5 in Hexes
 10868 | D:8      | Paralysed by a giant eyeball for 4 turns
 11217 | D:9      | Found a sparkling altar of Nemelex Xobeh.
 11247 | D:9      | Noticed Grum
 11264 | D:9      | Noticed Pikel
 11357 | D:10     | Entered Level 10 of the Dungeon
 11360 | D:10     | Noticed Eustachio
 11412 | D:11     | Noticed a seven-headed hydra
 11472 | D:10     | Noticed a hill giant
 11487 | D:10     | Noticed Harold
 11507 | D:10     | a hill giant (ally) was killed
 11631 | D:9      | Found a burning altar of Makhleb.
 11736 | D:9      | Noticed Duvessa
 11739 | D:9      | Got a scintillating jade ring
 11741 | D:9      | Identified the ring "Utiumuoc" {+Fly rPois MR+ Str+2} (You found it on level 9 of the Dungeon)
 11744 | D:9      | Noticed Dowan
 11906 | D:9      | Became a worshipper of Nemelex Xobeh the Trickster
 11960 | D:9      | Reached XP level 10. HP: 12/45 MP: 29/29
 12022 | D:8      | Learned a level 3 spell: Conjure Flame
 12027 | D:8      | Learned a level 4 spell: Enslavement
 12034 | D:8      | Learned a level 6 spell: Invisibility
 12037 | D:8      | Learned a level 2 spell: Ensorcelled Hibernation
 12039 | D:8      | Received a gift from Nemelex Xobeh
 12479 | D:2      | Acquired Nemelex Xobeh's first power
 13211 | D:3      | Acquired Nemelex Xobeh's second power
 13681 | D:5      | Received a gift from Nemelex Xobeh
 13938 | D:6      | Acquired Nemelex Xobeh's third power
 14397 | D:7      | Acquired Nemelex Xobeh's fourth power
 14932 | D:8      | Received a gift from Nemelex Xobeh
 15236 | D:9      | Killed Pikel
 15243 | D:9      | Killed Grum
 15319 | D:9      | Found a snail-covered altar of Cheibriados.
 15634 | D:10     | Noticed an unseen horror
 15646 | D:10     | Killed an unseen horror
 15646 | D:10     | Reached skill level 9 in Hexes
 15678 | D:10     | Noticed Urug
 15695 | D:10     | HP: 2/45 [Urug/runed long sword (25)]
 15699 | D:10     | Killed Urug
 15699 | D:10     | Reached skill level 10 in Evocations
 16001 | D:10     | Killed Eustachio
 16087 | D:10     | Acquired Nemelex Xobeh's fifth power
 16168 | D:11     | Noticed casual's ghost (powerful DsTm)
 16233 | D:11     | Received a gift from Nemelex Xobeh
 16261 | D:11     | Received a gift from Nemelex Xobeh
 16308 | D:11     | Noticed a hill giant
 16323 | D:11     | Noticed glosham's ghost (powerful FoWr)
 16464 | D:12     | Paralysed by a giant eyeball for 4 turns
 16470 | D:12     | Paralysed by a giant eyeball for 4 turns
 16531 | D:13     | Noticed a hill giant
 16597 | D:14     | Reached skill level 11 in Evocations
 16639 | D:14     | Noticed a centaur warrior
 16642 | D:14     | Killed a centaur warrior
 16642 | D:14     | Reached skill level 12 in Evocations
 16642 | D:14     | Reached XP level 11. HP: 49/49 MP: 30/30
 16642 | D:14     | Received a gift from Nemelex Xobeh
 16644 | D:14     | Noticed an unseen horror
 16689 | D:14     | Killed an unseen horror
 16722 | D:15     | Entered Level 15 of the Dungeon
 16804 | D:15     | Noticed a centaur warrior
 16838 | D:15     | Shot with an arrow by a centaur warrior

Action                   |  1- 3 |  4- 6 |  7- 9 | 10-12 || total
-------------------------+-------+-------+-------+-------++-------
Melee: Short sword       |   161 |   204 |   312 |       ||   677
       Whip              |       |       |   361 |   315 ||   676
 Fire: Blowgun           |       |       |    38 |    17 ||    55
Throw: Dart              |       |       |    22 |       ||    22
       Throwing net      |       |       |       |     1 ||     1
 Cast: Sticky Flame      |       |       |    29 |    13 ||    42
       Confuse           |       |       |    11 |    10 ||    21
Evoke: Wand              |     1 |    20 |    26 |     6 ||    53
       Deck              |       |       |       |    19 ||    19
  Use: Potion            |       |     1 |     6 |     6 ||    13
       Scroll            |       |     6 |    11 |     4 ||    21
 Stab: Sleeping          |     2 |     8 |    10 |     1 ||    21
       Paralysed         |       |     3 |       |       ||     3
       Confused          |       |     2 |     1 |       ||     3
       Distracted        |       |       |       |     1 ||     1
